 Dungeon Crawl Stone Soup version 0.20.0-4-g10b340a (webtiles) character file.

373 Gorglomux the Digger (level 6, -3/45 HPs)
             Began as a Draconian Earth Elementalist on May 27, 2017.
             Killed by divine providence
             ... invoked by an orc priest
              (15 damage)
             ... on level 4 of the Dungeon.
             The game lasted 00:06:29 (3303 turns).

Gorglomux the Digger (Draconian Earth Elementalist) Turns: 3303, Time: 00:06:30

Health: -3/45      AC:  6    Str: 10    XL:     6   Next: 43%
Magic:  2/20       EV: 12    Int: 17    God:
Gold:   223        SH:  0    Dex: 14    Spells: 8/12 levels left

rFire    . . .     SeeInvis .   K - +2 dagger (venom)
rCold    . . .     Gourm    .   (no shield)
rNeg     . . .     Faith    .   (armour unavailable)
rPois    +         Spirit   .   (helmet restricted)
rElec    .         Reflect  .   (no cloak)
rCorr    .         Harm     .   (no gloves)
MR       .....                  (no boots)
Stlth    ++........             (no amulet)
Regen    0.2/turn               T - ring of magical power
MPRegen  0.2/turn               P - ring of the City {+Fly rPois Dex+2 Slay+2}

@: very slightly contaminated
A: unfitting armour, cold-blooded, AC +6
a: Evoke Flight


You were on level 4 of the Dungeon.
You were hungry.

You visited 1 branch of the dungeon, and saw 4 of its levels.

You collected 223 gold pieces.

Inventory:

Hand Weapons
 K - a +2 dagger of venom (weapon)
 R - a +0 trident
Missiles
 b - 119 stones (quivered)
Armour
 U - a +0 buckler
Jewellery
 P - the ring of the City (right hand) {+Fly rPois Dex+2 Slay+2}
   (You found it on level 3 of the Dungeon)

   [ring of poison resistance]

   It affects your dexterity (+2).
   It affects your accuracy and damage with ranged weapons and melee attacks
   (+2).
   It protects you from poison.
   It lets you fly.
 T - a ring of magical power (left hand)
Scrolls
 h - 5 scrolls of identify {unknown}
 S - a scroll of magic mapping {unknown}
 W - a scroll of teleportation {unknown}
 Y - a scroll of enchant weapon {unknown}
 Z - a scroll of enchant armour {unknown}
Potions
 e - 2 potions of brilliance
 M - a potion of degeneration {unknown}
 N - a potion of flight {unknown}
 O - a potion of resistance {unknown}
 Q - 3 potions of curing
Books
 d - a book of Geomancy

   Spells                             Type                      Level
   a - Sandblast                      Earth                        1
   b - Passwall                       Transmutation/Earth          2
   c - Stone Arrow                    Conjuration/Earth            3
   d - Petrify                        Transmutation/Earth          4
   e - Lee's Rapid Deconstruction     Earth                        5
Comestibles
 c - 5 bread rations
 z - 2 meat rations
 L - 8 chunks of flesh
 V - 3 fruits
 X - 2 royal jellies


   Skills:
 - Level 1.7 Dodging
 - Level 1.7 Stealth
 + Level 2.5 Shields
 + Level 3.9 Spellcasting
 + Level 2.8 Conjurations
   Level 1.0 Transmutations
 + Level 4.5 Earth Magic


You had 8 spell levels left.
You knew the following spells:

 Your Spells              Type           Power        Failure   Level  Hunger
a - Sandblast             Erth           ###...       2%          1    None
b - Stone Arrow           Conj/Erth      ###...       11%         3    ###....


Dungeon Overview and Level Annotations

Branches:
Dungeon (4/15)
 Temple: D:4-7

Altars:
Elyvilon
Kikubaaqudgha
Okawaru


Innate Abilities, Weirdness & Mutations

Your plain brown scales are hard. (AC +6)
You cannot fit into any form of body armour.
You are cold-blooded and may be slowed by cold attacks.


Message History

The orc priest is moderately wounded.
The orc shouts!
You hit the orc priest.
The orc priest is poisoned.
The orc priest is heavily wounded.
The orc priest looks satisfied for a moment.
The orc barely misses you.
An orc wizard comes into view. It is wielding a dagger of speed.
An orc priest comes into view. It is wielding a mace.
The orc priest shouts!
The orc priest invokes the aid of Beogh against you.
Beogh smites you!
* * * LOW HITPOINT WARNING * * *
The orc wizard shouts!
The orc wizard casts a spell.
The orc wizard seems to speed up.
Found a stone staircase leading up.
The orc priest looks braver for a moment.
The orc priest invokes the aid of Beogh against you.
Beogh smites you!
You die...

#####......))o# .##
####o.###.## ##g. #
#.###...###.g #.
#.#≈≈...≈≈#g## #.
##o#≈..♣.)≈#..## #..
##.........g(...# #..
##o....♣._.♣...##.
##...#...#.........##
#.....@.###≈..♣..≈#.#
........##
#≈≈...≈≈#..#
........#
###...###....
........# ##... ##..
.#......# #.. ##
#.......# ...
......... .........


You could see an orc priest and an orc.

Vanquished Creatures
  An ogre (D:4)
  An orc priest (D:3)
  2 orc wizards (D:3)
  8 gnolls (D:4)
  6 adders
  A worm (D:2)
  3 dart slugs (D:1)
  6 leopard geckos
  5 orcs
  2 giant cockroaches
  9 goblins
  4 hobgoblins
  7 jackals
  A quokka (D:3)
  A ball python (D:3)
  10 bats
  4 frilled lizards
  6 kobolds
  4 rats
  A toadstool (D:1)
82 creatures vanquished.

Vanquished Creatures (others)
  An orc (D:4)
  A hobgoblin (D:1)
  A quokka (D:4)
  3 toadstools (D:1)
6 creatures vanquished.

Grand Total: 88 creatures vanquished

Notes
Turn   | Place    | Note
-------+----------+-------------------------------------------
     0 | D:1      | Gorglomux the Draconian Earth Elementalist began the quest for the Orb.
     0 | D:1      | Reached XP level 1. HP: 14/14 MP: 3/3
   297 | D:1      | Reached XP level 2. HP: 9/20 MP: 1/5
   369 | D:1      | HP: 1/20 [jackal (1)]
   829 | D:1      | Reached XP level 3. HP: 26/26 MP: 2/7
   921 | D:2      | Reached skill level 3 in Spellcasting
  1061 | D:2      | Learned a level 3 spell: Stone Arrow
  1299 | D:2      | Found an ancient bone altar of Kikubaaqudgha.
  1481 | D:2      | Reached XP level 4. HP: 33/33 MP: 7/8
  1605 | D:2      | Reached skill level 1 in Conjurations
  1672 | D:2      | Found an iron altar of Okawaru.
  1972 | D:3      | Got a heavily runed steel ring
  1973 | D:3      | Identified the ring of the City {+Fly rPois Dex+2 Slay+2} (You found it on level 3 of the Dungeon)
  2114 | D:3      | Reached skill level 1 in Shields
  2518 | D:3      | Reached skill level 4 in Earth Magic
  2518 | D:3      | Reached XP level 5. HP: 38/38 MP: 10/10
  3152 | D:4      | Noticed an ogre
  3158 | D:4      | Killed an ogre
  3158 | D:4      | Reached XP level 6. HP: 45/45 MP: 7/11
  3263 | D:4      | Found a white marble altar of Elyvilon.
  3303 | D:4      | Killed from afar by an orc priest

Skill      XL: |  1  2  3  4  5 |
---------------+----------------+-----
Spellcasting   | 3 |  3.9
Conjurations   | 2 |  2.8
Shields        | 1 2 |  2.5
Earth Magic    | 4 |  4.5
Dodging        | |  1.7
Stealth        | |  1.7
Transmutations | |  1.0

Action                   |  1- 3 |  4- 6 || total
-------------------------+-------+-------++-------
Melee: Unarmed           |    36 |     2 ||    38
       Tailslap          |     2 |     2 ||     4
       Trident           |       |    30 ||    30
       Dagger            |       |    10 ||    10
 Cast: Sandblast         |    50 |    46 ||    96
       Stone Arrow       |     7 |    28 ||    35
  Use: Potion            |     2 |     2 ||     4
 Stab: Distracted        |       |     1 ||     1
       Sleeping          |       |     1 ||     1
  Eat: Chunk             |     3 |     8 ||    11
Armor: Skin              |    14 |    27 ||    41
Dodge: Dodged            |    55 |    56 ||   111
